 Dungeon Crawl Stone Soup version 0.19.5 (webtiles) character file.

137 epen the Slasher (level 5, 0/41 HPs)
             Began as a Demonspawn Monk on July 31, 2017.
             Slain by epen's ghost (3 damage)
             ... on level 3 of the Dungeon.
             The game lasted 00:04:18 (2444 turns).

epen the Slasher (Demonspawn Monk)                  Turns: 2444, Time: 00:04:18

Health: 0/41       AC:  6    Str: 12    XL:     5   Next: 0%
Magic:  5/5        EV: 14    Int: 12    God:
Gold:   117        SH:  0    Dex: 15    Spells: 0 memorised, 4 levels left

rFire  . . .     SeeInvis .     a - +0 falchion
rCold  . . .     Gourm    .     b - +0 robe
rNeg   . . .     Faith    .     (no shield)
rPois  .         Spirit   .     (no helmet)
rElec  .         Reflect  .     (no cloak)
rCorr  .         Harm     .     (no gloves)
MR     .....                    (no boots)
Stlth  ++........               (no amulet)
                                (no ring)
                                (no ring)

@: lethally poisoned (0 -> -9)
A: iridescent scales 2, foul stench 1, rot immunity
a: no special abilities


You were on level 3 of the Dungeon.
You were not hungry.

You visited 1 branch of the dungeon, and saw 3 of its levels.

You collected 117 gold pieces.

Inventory:

Hand Weapons
 a - a +0 falchion (weapon)
Armour
 b - a +0 robe (worn)
 d - a +0 buckler
Scrolls
 e - a scroll of remove curse {unknown}
 f - 3 scrolls of teleportation {unknown}
 g - 2 scrolls of identify {unknown}
 h - 2 scrolls of fog {unknown}
 i - a scroll of magic mapping {unknown}
 j - a scroll of noise {unknown}
 l - 2 scrolls of blinking {unknown}
Comestibles
 c - 4 bread rations


   Skills:
 + Level 3.6 Fighting
 * Level 3.9 Long Blades
 + Level 1.1 Armour
 + Level 3.5 Dodging
 - Level 1.7 Stealth


You had 4 spell levels left.
You didn't know any spells.

Dungeon Overview and Level Annotations

Branches:
Dungeon (3/15)

Altars:

Annotations:
D:3 Robin; epen's ghost, amateur DsTm


Innate Abilities, Weirdness & Mutations

You are mostly covered in iridescent scales. (AC +4)
You may emit foul miasma when damaged in melee.
You are immune to rotting.


Message History

* * * LOW HITPOINT WARNING * * *
You feel sick.
* * * LOW HITPOINT WARNING * * *
You feel sick.
* * * LOW HITPOINT WARNING * * *
You feel sick.
* * * LOW HITPOINT WARNING * * *
You feel sick.
* * * LOW HITPOINT WARNING * * *
You feel sick.
* * * LOW HITPOINT WARNING * * *
You feel sick.
* * * LOW HITPOINT WARNING * * *
You feel sick.
* * * LOW HITPOINT WARNING * * *
You feel sick.
There is an escape hatch in the ceiling here.
* * * LOW HITPOINT WARNING * * *
You feel sick. Epen's ghost hits you.
You die...

#............# #........##....
#......... #.# #..>.....##....
##......# #.# #........##....
#.....# #.# #.<......###...
#.....# ##.#####..............
......# ####.....................
†#....###..÷......#........#####.
##....##..#.#.#####........# ##
#..........#.##@..........#
####...######..W.###########
..)...## ###### ..##### .## ##


You could see epen's ghost.

Vanquished Creatures
  An orc priest (D:3)
  An orc wizard (D:3)
  An adder (D:2)
  An ooze (D:1)
  3 worms (D:2)
  A dart slug (D:1)
  3 leopard geckos
  3 orcs (D:3)
  6 giant cockroaches
  3 goblins
  6 hobgoblins
  2 jackals (D:2)
  3 kobolds
  A ball python (D:2)
  3 bats
  9 frilled lizards
  13 rats
60 creatures vanquished.

Notes
Turn   | Place    | Note
-------+----------+-------------------------------------------
     0 | D:1      | epen the Demonspawn Monk began the quest for the Orb.
     0 | D:1      | Reached XP level 1. HP: 18/18 MP: 1/1
   134 | D:1      | Gained mutation: You are immune to rotting. [demonic ancestry]
   134 | D:1      | Reached XP level 2. HP: 24/24 MP: 2/2
   748 | D:1      | Gained mutation: You are partially covered in iridescent scales. (AC +2) [demonic ancestry]
   748 | D:1      | Reached XP level 3. HP: 19/29 MP: 3/3
  1674 | D:2      | Gained mutation: You are mostly covered in iridescent scales. (AC +4) [demonic ancestry]
  1674 | D:2      | Reached XP level 4. HP: 31/35 MP: 4/4
  1777 | D:3      | Noticed Robin
  2120 | D:3      | Reached skill level 1 in Armour
  2407 | D:3      | Gained mutation: You may emit foul miasma when damaged in melee. [demonic ancestry]
  2407 | D:3      | Reached XP level 5. HP: 41/41 MP: 5/5
  2416 | D:3      | Noticed epen's ghost (amateur DsTm)
  2444 | D:3      | Slain by epen's ghost

Skill      XL: |  1  2  3  4 |
---------------+-------------+-----
Dodging        | 3 |  3.5
Long Blades    | 3 |  3.9
Armour         | 1 |  1.1
Fighting       | |  3.6
Stealth        | |  1.7

Action                   |  1- 3 |  4- 6 || total
-------------------------+-------+-------++-------
Melee: Falchion          |   133 |    59 ||   192
  Use: Potion            |       |     2 ||     2
 Stab: Sleeping          |     7 |     2 ||     9
       Distracted        |     1 |       ||     1
  Eat: Chunk             |     2 |     3 ||     5
Armor: Robe              |    24 |    16 ||    40
Dodge: Dodged            |   111 |    30 ||   141
       Rpst.: Falchion   |    38 |    10 ||    48
